 Dungeon Crawl Stone Soup version 0.28.0-43-g3370ac3207 (webtiles) character file.

Game seed: 16113294514343431184

22752 Cape the Severer (level 12, 0/165 HPs)
             Began as a Minotaur Berserker on Mar 17, 2022.
             Was a High Priest of Trog.
             Succumbed to a skeletal warrior's poison
             ... on level 13 of the Dungeon.
             The game lasted 01:01:54 (15403 turns).

Cape the Severer (Minotaur Berserker)              Turns: 15403, Time: 01:01:55

Health: 0/165      AC: 19    Str: 22    XL:     12   Next: 65%
Magic:  11/11      EV: 12    Int:  6    God:    Trog [*****.]
Gold:   178        SH:  0    Dex: 21    Spells: 11/11 levels left

rFire   . . .      SeeInvis +   f - +8 broad axe of Grace {vorpal, rPois Str-4 Int+2 Dex+7}
rCold   . . .      Faith    .   (no shield)
rNeg    . . .      Spirit   .   A - +0 plate armour
rPois   +          Reflect  .   (helmet restricted)
rElec   .          Harm     .   p - +0 cloak
rCorr   .          Rampage  .   z - +2 pair of gloves {Dex+3}
Will    .....                   (no boots)
Stlth   ..........              (no amulet)
HPRegen 0.37/turn               M - ring of see invisible
MPRegen 0.12/turn               (no ring)

@: berserking, lethally poisoned (0 -> -11), very quick
A: horns 2, retaliatory headbutt
a: Renounce Religion, Berserk, Trog's Hand, Brothers in Arms


You were on level 13 of the Dungeon.
You worshipped Trog.
Trog was extremely pleased with you.
You visited 2 branches of the dungeon, and saw 14 of its levels.
You also visited: Bailey.

You collected 777 gold pieces.
You spent 599 gold pieces at shops.

Inventory:

Hand Weapons
 f - the +8 broad axe of Grace (weapon) {vorpal, rPois Str-4 Int+2 Dex+7}
   (You acquired it on level 3 of the Dungeon)

   It inflicts extra damage upon your enemies.
   Str:       It affects your strength (-4).
   Int:       It affects your intelligence (+2).
   Dex:       It affects your dexterity (+7).
   rPois:     It protects you from poison.
Missiles
 k - 8 atropa-tipped darts
 o - a boomerang (quivered)
 u - 16 poisoned darts
 J - 3 curare-tipped darts
Armour
 p - a +0 cloak (worn)
 z - a +2 pair of gloves of dexterity (worn)
 A - a +0 plate armour (worn)
Jewellery
 M - a ring of see invisible (left hand)
Wands
 y - a wand of iceblast (10)
 E - a wand of mindburst (3)
 L - a wand of charming (7)
Scrolls
 d - 2 scrolls of blinking
 g - 4 scrolls of magic mapping
 j - 4 scrolls of enchant weapon {unknown}
 s - a scroll of noise
 t - 5 scrolls of teleportation
 w - a scroll of immolation {unknown}
 x - a scroll of silence
 B - a scroll of fog
 C - a scroll of acquirement
 D - 6 scrolls of identify
 F - a scroll of brand weapon
 G - 2 scrolls of summoning
 N - a scroll of enchant armour {unknown}
 O - a scroll of torment {unknown}
 P - a scroll of holy word {unknown}
Potions
 a - 2 potions of invisibility
 b - 3 potions of degeneration
 c - 3 potions of lignification
 e - 3 potions of might
 h - a potion of resistance {unknown}
 i - a potion of haste
 l - 2 potions of curing
 n - 4 potions of brilliance
 q - a potion of ambrosia {unknown}
 r - a potion of attraction
 v - 5 potions of heal wounds {unknown}
 I - a potion of berserk rage {unknown}
 K - a potion of magic {unknown}
Miscellaneous
 m - a condenser vane
 H - a piece from Xom's chessboard (15/15)


   Skills:
 + Level 11.3 Fighting
 * Level 15.2 Axes
 + Level 10.9 Armour
 + Level 10.1 Dodging
 * Level 7.6 Evocations


You had 11 spell levels left.
You didn't know any spells.
Your spell library was empty.

Dungeon Overview and Level Annotations

Branches:
Dungeon (12/15)            Temple (1/1) D:5            Lair (0/6) D:11
    Orc (0/2) D:9          Bailey (visited)

Altars:
Ashenzari
Cheibriados
Dithmenos
Elyvilon
Fedhas
Gozag
Hepliaklqana
Kikubaaqudgha
Makhleb
Nemelex Xobeh
Okawaru
Qazlal
Ru
Sif Muna
Trog
Uskayaw
Vehumet
Wu Jian
Xom
Yredelemnul
Zin
The Shining One

Shops:
D:5 ?   D:6 (


Innate Abilities, Weirdness & Mutations

You have a pair of horns on your head.
You reflexively headbutt those who attack you in melee.


Message History

You slice the skeletal warrior!!
You destroy the skeletal warrior!
Trog accepts your kill.
You feel very sick.
The skeletal warrior hits you from afar with a +4 trident of venom!!
* * * LOW HITPOINT WARNING * * *
You feel very sick. The skeletal warrior misses you.
The skeletal warrior hits you but does no damage.
You see here a +0 war axe.
You feel better.
The skeletal warrior closely misses you.
The skeletal warrior hits you from afar with a +0 glaive!
* * * LOW HITPOINT WARNING * * *
A red film seems to cover your vision as you go berserk!
You feel yourself moving faster!
You feel mighty!
The skeletal warrior hits you but does no damage.
The skeletal warrior hits you from afar with a +0 glaive!
* * * LOW HITPOINT WARNING * * *
You barely miss the skeletal warrior. You barely miss the skeletal warrior.
You headbutt the skeletal warrior, but do no damage.
The skeletal warrior hits you but does no damage.
You are poisoned.
The skeletal warrior hits you from afar with a +0 glaive!
* * * LOW HITPOINT WARNING * * *
* * * LOW HITPOINT WARNING * * *
You feel sick.
The skeletal warrior hits you from afar with a +4 trident of venom.
* * * LOW HITPOINT WARNING * * *
You are more poisoned.
You see here a +0 battleaxe.
You are too berserk!
You feel a strong urge to attack something.
* * * LOW HITPOINT WARNING * * *
You feel sick.
You see here a +0 war axe.
You slash the skeletal warrior! You headbutt the skeletal warrior!
The skeletal warrior is heavily damaged.
You die...

#.....#
##.#### #.#
#.# #.# #.#
#.#
#.##########
#..)@zzz....
############


You could see 3 skeletal warriors.

Vanquished Creatures
  A boulder beetle (D:11)
  4 two-headed ogres
  Sonja (D:11)
  2 skeletal warriors (D:13)
  Pikel (D:5)
  2 orc knights (Bailey)
  An ugly thing (D:12)
  4 manticores
  3 cyclopes
  Maggie (D:9)
  A kobold demonologist (Bailey)
  2 komodo dragons
  A troll (D:11)
  A hornet (D:9)
  10 slime creatures (D:12)
  2 hogs (D:12)
  A shadow (D:12)
  A wraith (D:12)
  Eustachio (D:5)
  17 yaks
  2 steam dragons
  2 vampire mosquitoes (D:12)
  A warg (D:9)
  3 acid dragons
  2 sky beasts (D:7)
  A black bear (D:7)
  18 orc warriors
  A centaur (D:12)
  An ogre (D:4)
  A lemure (D:5)
  A kobold brigand (D:8)
  2 bullfrogs (D:8)
  A gnoll sergeant (D:10)
  2 scorpions
  A wyvern skeleton (D:6)
  2 water moccasin skeletons
  A water moccasin zombie (D:5)
  4 killer bees (D:9)
  5 wights (D:8)
  3 howler monkeys
  3 electric eels (Bailey)
  A bullfrog zombie (D:6)
  2 centaur zombies
  A gnoll shaman (D:4)
  3 hounds (D:6)
  A bullfrog skeleton (D:6)
  8 orc priests
  2 centaur skeletons
  6 iguanas
  12 orc wizards
  A killer bee zombie (D:6)
  A hound zombie (D:5)
  A hound skeleton (D:5)
  A howler monkey zombie (D:9)
  13 gnolls
  3 adders
  A white imp (D:7)
  An ufetubus (D:4)
  An adder skeleton (D:4)
  5 dart slugs
  32 orcs
  5 bats
  7 endoplasms
  3 giant cockroaches
  12 goblins
  14 hobgoblins
  10 jackals
  A quokka (D:1)
  7 ball pythons
  2 frilled lizards (D:1)
  12 kobolds
  5 rats
288 creatures vanquished.

Vanquished Creatures (collateral kills)
  Kirke (D:12)
  A kobold demonologist (Bailey)
  A hog (D:12)
  An orc warrior (Bailey)
  2 howler monkeys (D:12)
6 creatures vanquished.

Vanquished Creatures (others)
  6 plants
6 creatures vanquished.

Grand Total: 300 creatures vanquished

Notes
Turn   | Place    | Note
-------+----------+-------------------------------------------
     0 | D:1      | Cape the Minotaur Berserker began the quest for the Orb.
     0 | D:1      | Reached XP level 1. HP: 19/19 MP: 0/0
    72 | D:1      | Reached skill level 4 in Axes
    72 | D:1      | Reached XP level 2. HP: 11/27 MP: 1/1
   321 | D:1      | Found a faded altar of an unknown god.
   457 | D:1      | Reached XP level 3. HP: 33/33 MP: 2/2
   708 | D:1      | Reached ** piety under Trog
  1745 | D:3      | Reached XP level 4. HP: 35/40 MP: 3/3
  2174 | D:3      | Identified a scroll of acquirement
  2174 | D:3      | Acquired the +8 broad axe of Grace {vorpal, rPois Str-4
                  | Int+2 Dex+7}
  2317 | D:4      | Reached skill level 5 in Axes
  2537 | D:4      | Reached *** piety under Trog
  2643 | D:4      | Reached XP level 5. HP: 38/47 MP: 4/4
  2893 | D:4      | Noticed an ogre
  2909 | D:4      | Killed an ogre
  2910 | D:4      | Reached skill level 6 in Axes
  2910 | D:4      | Reached XP level 6. HP: 55/55 MP: 5/5
  3128 | D:4      | Reached skill level 5 in Fighting
  3261 | D:5      | Entered Level 5 of the Dungeon
  3347 | D:5      | Found a sparkling altar of Nemelex Xobeh.
  3556 | D:5      | Found a staircase to the Ecumenical Temple.
  3648 | D:5      | Noticed Eustachio
  3749 | D:5      | Noticed Pikel
  3781 | D:5      | Killed Pikel
  3782 | D:5      | Reached skill level 7 in Axes
  3782 | D:5      | Reached skill level 5 in Armour
  3782 | D:5      | Reached XP level 7. HP: 52/62 MP: 6/6
  4163 | D:5      | Found Veucw's Magic Scroll Shop.
  4191 | D:5      | Bought a scroll of magic mapping for 52 gold pieces
  4191 | D:5      | Bought a scroll of identify for 30 gold pieces
  4191 | D:5      | Bought a scroll of identify for 30 gold pieces
  4191 | D:5      | Bought a scroll of teleportation for 45 gold pieces
  4311 | D:5      | Reached skill level 8 in Axes
  4311 | D:5      | Reached skill level 5 in Dodging
  4311 | D:5      | Reached XP level 8. HP: 66/70 MP: 7/7
  4770 | D:6      | Found Nurghine's Firing Range.
  5230 | D:6      | Reached skill level 9 in Axes
  5965 | D:7      | Reached XP level 9. HP: 72/79 MP: 8/8
  6154 | D:7      | Reached **** piety under Trog
  6585 | D:8      | Reached skill level 10 in Axes
  7020 | D:8      | Noticed a two-headed ogre
  7050 | D:8      | Reached skill level 11 in Axes
  7053 | D:8      | Killed a two-headed ogre
  7056 | D:8      | Reached XP level 10. HP: 64/90 MP: 9/9
  8092 | D:9      | Reached skill level 1 in Evocations
  8095 | D:9      | Reached skill level 12 in Axes
  8182 | D:9      | Found a flagged portal.
  8191 | Bailey   | Entered a bailey
  8608 | Bailey   | Noticed a sixfirhy
  9180 | Bailey   | Found an iron altar of Okawaru.
  9798 | Bailey   | Noticed an orc knight
  9808 | Bailey   | Killed an orc knight
  9978 | Bailey   | Noticed an orc knight
  9987 | Bailey   | Reached XP level 11. HP: 96/97 MP: 10/10
  9987 | Bailey   | Killed an orc knight
 10367 | D:9      | Reached skill level 13 in Axes
 10377 | D:9      | Found a staircase to the Orcish Mines.
 10801 | D:9      | Found a blossoming altar of Fedhas.
 10801 | D:9      | Found a basalt altar of Yredelemnul.
 10875 | D:9      | Noticed Maggie
 10887 | D:9      | Killed Maggie
 10908 | D:9      | Reached ***** piety under Trog
 11149 | D:10     | Entered Level 10 of the Dungeon
 11181 | D:10     | Noticed a two-headed ogre
 11192 | D:9      | Killed a two-headed ogre
 11238 | D:10     | Reached skill level 10 in Fighting
 11238 | D:10     | Noticed a two-headed ogre
 11447 | D:9      | Killed a two-headed ogre
 11448 | D:9      | Reached skill level 5 in Evocations
 11921 | D:10     | Found a hide-covered altar of Uskayaw.
 12051 | D:10     | Noticed a two-headed ogre
 12055 | D:10     | Killed a two-headed ogre
 12461 | D:5      | Bought a scroll of brand weapon for 300 gold pieces
 12461 | D:5      | Bought a scroll of summoning for 142 gold pieces
 12509 | D:5      | Killed Eustachio
 12531 | Temple   | Entered the Ecumenical Temple
 12866 | D:11     | Noticed Sonja
 12872 | D:11     | Killed Sonja
 12873 | D:11     | Reached skill level 14 in Axes
 12873 | D:11     | Reached skill level 10 in Armour
 12958 | D:11     | Found a staircase to the Lair.
 13273 | D:11     | Noticed a boulder beetle
 13282 | D:11     | Killed a boulder beetle
 13283 | D:11     | Reached XP level 12. HP: 55/108 MP: 11/11
 14489 | D:12     | Noticed a seven-headed hydra
 14918 | D:12     | Noticed Kirke
 14939 | D:12     | Killed Kirke
 14940 | D:12     | Reached skill level 15 in Axes
 14940 | D:12     | Reached skill level 10 in Dodging
 15236 | D:12     | You fall into a shaft and drop 1 floor!
 15400 | D:13     | HP: 6/165 [skeletal warrior/+0 glaive[a skeletal warrior]
                  | (17)]
 15402 | D:13     | HP: 2/165 [poisoned by a skeletal warrior]
 15403 | D:13     | Succumbed to a skeletal warrior's poison

Illustrated notes

Levels and vault maps discovered:
D:1:      amcnicky_arrival_abandoned_market, layout_basic,
          ebering_ecumenical_altar_box, serial_bayou_crossing
D:2:      layout_loops_ring, chequers_serial_rivers_room_b
D:3:      layout_rooms
D:4:      layout_loops_ring
D:5:      layout_gridville, nemelex_spade_bored_becter,
          minmay_temple_entry_butterflies, serial_shops, shop, uniq_eustachio,
          uniq_pikel
D:6:      layout_loops_corners, nicolae_shop_firing_range
D:7:      minmay_angry_zag, layout_loops_ring
D:8:      layout_basic
D:9:      layout_rooms, gammafunk_temple_overflow_wave, erik_orc_4,
          serial_curves, eino_curves_04, eino_curves_03, eino_curves_02,
          enter_bailey_2, uniq_maggie
D:10:     layout_gridville, amcnicky_altar_gilded
D:11:     layout_loops_corners, david_lair_shrubbed, uniq_sonja
D:12:     layout_cross, uniq_kirke
D:13:     layout_basic
Temple:   mainiacjoe_temple_coin_purse

Skill      XL: |  1  2  3  4  5  6  7  8  9 10 11 12 |
---------------+-------------------------------------+-----
Axes           | 4 5 6 7 8 9 11 12 14 15 | 15.2
Fighting       | 4 5 6 7 8 9 10 11 | 11.3
Armour         | 3 4 5 6 8 9 10 | 10.9
Dodging        | 3 4 5 6 7 8 9 10 | 10.1
Evocations     | 3 6 7 |  7.6

Action                   |  1- 3 |  4- 6 |  7- 9 | 10-12 || total
-------------------------+-------+-------+-------+-------++-------
Melee: Hand axe          |    91 |    29 |       |       ||   120
       Headbutt          |    11 |    13 |    21 |    67 ||   112
       Punch             |     1 |     1 |     1 |     2 ||     5
       Broad axe         |       |    53 |   125 |   359 ||   537
       Unarmed           |       |       |       |     5 ||     5
Throw: Stone             |     1 |       |       |       ||     1
       Boomerang         |       |    47 |    16 |    15 ||    78
Invok: Berserk           |     1 |     4 |     1 |    12 ||    18
       Brothers in Arms  |       |       |       |     2 ||     2
       Trog's Hand       |       |       |       |     1 ||     1
Evoke: Condenser vane    |       |       |       |     1 ||     1
       Wand              |       |       |       |     3 ||     3
  Use: Scroll            |       |    11 |     3 |     1 ||    15
       Potion            |       |     1 |       |     2 ||     3
Armor: Animal skin       |     7 |       |       |       ||     7
       Scale mail        |    20 |       |       |       ||    20
       Chain mail        |     2 |    38 |    64 |    10 ||   114
       Plate armour      |       |       |       |   197 ||   197
Dodge: Dodged            |    52 |    44 |    49 |   189 ||   334
